 Dungeon Crawl Stone Soup version 0.32-a0-33-g74fbe469d6 (webtiles) character file.

Game seed: 4762170802474249467

275 whatisthis the Vexing (level 6, -2/47 HPs)
             Began as a Gnoll Hexslinger on Jan 21, 2024.
             Was an Initiate of Okawaru.
             Splashed by a jelly's acid (6 damage)
             ... in a sewer.
             The game lasted 00:09:03 (4003 turns).

whatisthis the Vexing (Gnoll Hexslinger)            Turns: 4003, Time: 00:09:03

Health: -2/47      AC: -3    Str:  8    XL:     6   Next: 24%
Magic:  11/11      EV: 14    Int: 12    God:    Okawaru [......]
Gold:   114        SH:  0    Dex: 18    Spells: 11/11 levels left

rFire   . . .        e - +2 mace (protect)
rCold   . . .        (no shield)
rNeg    . . .        m - +0 leather armour of Rualipsank {Dex+2}
rPois   .            p - +0 helmet
rElec   .            (no cloak)
rCorr   .            (no gloves)
SInv    .            (no boots)
Will    +....        (no amulet)
Stlth   ++           g - ring of willpower
HPRegen 0.27/turn    (no ring)
MPRegen 0.12/turn

%: no passive effects
@: corroded
A: fangs 1, strong nose, distributed training
a: Renounce Religion


You were in a sewer.
You worshipped Okawaru.
Okawaru was noncommittal.
You visited 1 branch of the dungeon, and saw 4 of its levels.
You also visited: Sewer.

You collected 114 gold pieces.

Inventory:

Hand Weapons
 a - a +1 sling
 e - a +2 mace of protection (weapon)
 q - a +0 dagger of flaming
Missiles
 i - 9 poisoned darts
Armour
 m - the +0 leather armour of Rualipsank (worn) {Dex+2}
   (You found it on level 2 of the Dungeon)

   Dex+2:     It affects your dexterity (+2).
 p - a +0 helmet (worn)
Jewellery
 g - a ring of willpower (left hand)
Scrolls
 b - a scroll of poison
 f - 2 scrolls of identify {unknown}
 k - a scroll of summoning {unknown}
 l - 2 scrolls of enchant weapon {unknown}
 o - a scroll of amnesia {unknown}
 r - a scroll of immolation {unknown}
Potions
 c - a potion of curing
 d - a potion of invisibility {unknown}
 h - a potion of haste {unknown}
 j - a potion of degeneration {unknown}
 n - 2 potions of enlightenment {unknown}
 s - a potion of cancellation {unknown}


   Skills:
 + Level 3.2 Fighting
 + Level 2.0 Short Blades
 + Level 2.0 Long Blades
 + Level 2.0 Axes
 + Level 2.0 Maces & Flails
 + Level 2.0 Polearms
 + Level 2.0 Staves
 + Level 5.0 Ranged Weapons
 + Level 2.0 Throwing
 + Level 2.0 Armour
 + Level 5.0 Dodging
 + Level 2.0 Stealth
 + Level 2.0 Shields
 + Level 2.0 Unarmed Combat
 + Level 3.4 Spellcasting
 + Level 1.5 Conjurations
 + Level 5.6 Hexes
 + Level 1.5 Summonings
 + Level 1.5 Necromancy
 + Level 1.5 Translocations
 + Level 2.6 Fire Magic
 + Level 1.5 Ice Magic
 + Level 1.5 Air Magic
 + Level 1.5 Earth Magic
 + Level 1.5 Alchemy
 + Level 2.1 Invocations
 + Level 2.0 Evocations
 + Level 1.7 Shapeshifting


You had 11 spell levels left.
You didn't know any spells.
Your spell library contained the following spells:

 Spells                   Type           Power      Damage    Failure   Level
 Jinxbite                 Hex            30%        N/A       4%          2
 Sigil of Binding         Hex            15%        N/A       10%         3
 Inner Flame              Hex/Fire       12%        N/A       19%         3
 Cause Fear               Hex            7%         N/A       32%         4
 Dimensional Bullseye     Hex/Tloc       5%         N/A       58%         4


Dungeon Overview and Level Annotations

Branches:
Dungeon (4/15)              Sewer (1/1)
 Temple: D:4-7

Altars:
Okawaru

Shops:
D:1 ?

Annotations:
D:1 2 transporters


Innate Abilities, Weirdness & Mutations

You have very sharp teeth.
Your uncanny sense of smell can sniff out nearby items.
Your experience applies equally to all skills.


Message History

You are splashed with acid!
You hit the river rat.
Your weapon exudes an aura of protection.
The river rat is lightly wounded.
The river rat closely misses you. The jelly completely misses you.
You hit the jelly.
Your hands burn!
You bite the jelly.
The jelly is lightly wounded.
The river rat bites you but does no damage.
The jelly barely misses you.
The frilled lizard bites you but does no damage.
The jelly quivers.
You hit the jelly. The acid corrodes you!
Your hands burn!
The jelly is moderately wounded.
The river rat bites you!
* * * LOW HITPOINT WARNING * * *
The jelly closely misses you. The frilled lizard closely misses you.
The river rat completely misses you. The jelly closely misses you.
It was a potion of curing.
You feel better. The frilled lizard barely misses you.
The river rat misses you. The jelly misses you.
The frilled lizard attacks as it pursues you!
The frilled lizard bites you but does no damage.
You see here an adder corpse.
You closely miss the frilled lizard. The frilled lizard bites you.
The river rat misses you.
You closely miss the frilled lizard. You bite the frilled lizard.
The frilled lizard is heavily wounded.
The frilled lizard bites you. The river rat misses you.
The frilled lizard misses you.
The river rat attacks as it pursues you!
The river rat bites you.
* * * LOW HITPOINT WARNING * * *
The jelly hits you.
* * * LOW HITPOINT WARNING * * *
You are splashed with acid.
* * * LOW HITPOINT WARNING * * *
The jelly attacks as it pursues you! The jelly hits you.
* * * LOW HITPOINT WARNING * * *
You are splashed with acid.
You die...

#############
####..~~~..@rJl####
##....~...~..J...~.##
∆
#.....#########~.~~~#
~. #...### ###.~.##
#.. #.~## ##~..##∆
#~.. #.~#
#~~~~###~.~# #~.#
##.~.~~..~#
#..###########
##~.~...###
#~.~~....~..~#
∆##~~~...~#


You could see 2 jellies, a river rat and a frilled lizard.

Vanquished Creatures
  An iguana (D:3)
  An orc wizard (D:3)
  6 gnolls
  7 adders
  2 dart slugs
  4 ribbon worms
  2 orcs (D:3)
  10 ball pythons
  11 endoplasms
  8 giant cockroaches
  6 goblins
  7 hobgoblins
  4 quokkas
  6 bats
  8 frilled lizards
  8 kobolds
  4 rats
95 creatures vanquished.

Notes
Turn   | Place    | Note
-------+----------+-------------------------------------------
     0 | D:1      | whatisthis the Gnoll Hexslinger began the quest for the
                  | Orb.
     0 | D:1      | Reached XP level 1. HP: 17/17 MP: 4/4
   184 | D:1      | Reached XP level 2. HP: 23/23 MP: 5/5
   321 | D:1      | Reached XP level 3. HP: 21/28 MP: 7/7
   472 | D:1      | Reached skill level 1 in Invocations
   598 | D:1      | Found Qiwelam's Magic Scroll Emporium.
   987 | D:1      | Reached skill level 1 in Short Blades
   987 | D:1      | Reached skill level 1 in Long Blades
   987 | D:1      | Reached skill level 1 in Axes
   987 | D:1      | Reached skill level 1 in Maces & Flails
   987 | D:1      | Reached skill level 1 in Polearms
   987 | D:1      | Reached skill level 1 in Staves
   987 | D:1      | Reached skill level 1 in Throwing
   987 | D:1      | Reached skill level 1 in Armour
   987 | D:1      | Reached skill level 1 in Stealth
   987 | D:1      | Reached skill level 1 in Shields
   987 | D:1      | Reached skill level 1 in Unarmed Combat
   987 | D:1      | Reached skill level 1 in Evocations
  1543 | D:2      | Found a faded altar of an unknown god.
  1624 | D:2      | Reached skill level 1 in Shapeshifting
  1624 | D:2      | Reached XP level 4. HP: 34/34 MP: 8/8
  1948 | D:2      | Identified the +0 leather armour of Rualipsank {Dex+2}
  2167 | D:2      | Reached skill level 1 in Conjurations
  2167 | D:2      | Reached skill level 1 in Summonings
  2167 | D:2      | Reached skill level 1 in Necromancy
  2167 | D:2      | Reached skill level 1 in Translocations
  2167 | D:2      | Reached skill level 1 in Ice Magic
  2167 | D:2      | Reached skill level 1 in Air Magic
  2167 | D:2      | Reached skill level 1 in Earth Magic
  2167 | D:2      | Reached skill level 1 in Alchemy
  2331 | D:2      | Found an iron altar of Okawaru.
  2480 | D:2      | Became a worshipper of Warmaster Okawaru
  2869 | D:3      | Reached XP level 5. HP: 29/41 MP: 9/9
  3743 | D:4      | Reached XP level 6. HP: 32/47 MP: 11/11
  3862 | D:4      | Found a glowing drain.
  3879 | Sewer    | Entered a sewer
  3917 | Sewer    | Reached skill level 5 in Ranged Weapons
  3917 | Sewer    | Reached skill level 5 in Dodging
  4003 | Sewer    | Splashed by a jelly's acid

Illustrated notes

Levels and vault maps discovered:
D:1:      spicycebolla_arrival_transporter_tutorial, layout_basic, serial_shops,
          shop
D:2:      layout_loops_corners, dilly_ecumenical_altar_fadedgnrine, basic_altar
D:3:      layout_loops_corners
D:4:      minmay_inner_zag, layout_rooms, riverfiend_overflow_shadow_ancestor,
          serial_shops, shop, gup_sewer_entry_bubbles
Sewer:    sewer_hellmonk_slimy_pipes

Skill      XL: |  1  2  3  4  5  6 |
---------------+-------------------+-----
Fire Magic     | 2 |  2.6
Invocations    | 1 2 |  2.1
Short Blades   | 1 2 |  2.0
Long Blades    | 1 2 |  2.0
Axes           | 1 2 |  2.0
Maces & Flails | 1 2 |  2.0
Polearms       | 1 2 |  2.0
Staves         | 1 2 |  2.0
Throwing       | 1 2 |  2.0
Armour         | 1 2 |  2.0
Stealth        | 1 2 |  2.0
Shields        | 1 2 |  2.0
Unarmed Combat | 1 2 |  2.0
Evocations     | 1 2 |  2.0
Shapeshifting  | 1 |  1.7
Spellcasting   | 3 |  3.4
Conjurations   | 1 |  1.5
Summonings     | 1 |  1.5
Necromancy     | 1 |  1.5
Translocations | 1 |  1.5
Ice Magic      | 1 |  1.5
Air Magic      | 1 |  1.5
Earth Magic    | 1 |  1.5
Alchemy        | 1 |  1.5
Fighting       | 3 |  3.2
Ranged Weapons | 5 |  5.0
Dodging        | 5 |  5.0
Hexes          | |  5.6

Action                     |  1- 3 |  4- 6 || total
---------------------------+-------+-------++-------
  Melee: Mace              |    23 |    96 ||   119
         Bite              |     5 |    20 ||    25
         Dagger            |       |    45 ||    45
         Punch             |       |     2 ||     2
   Fire: Sling             |    93 |   122 ||   215
    Use: Potion            |       |     1 ||     1
   Stab: Sleeping          |       |     1 ||     1
 Armour: Robe              |    30 |     5 ||    35
         Leather armour    |       |    92 ||    92
  Dodge: Dodged            |    37 |   136 ||   173

Table legend: (Time is in decaauts)
 A = Elapsed time spent in this place.
 B = Non-inter-level travel time spent in this place.
 C = Inter-level travel time spent in this place.
 D = Time resting spent in this place.
 E = Time spent auto-exploring this place.
 F = Levels seen in this place.
 G = Mean time per level.
                   A        B        C        D        E       F      G
               +--------+--------+--------+--------+--------+-----+--------+
         Total |   4088 |   3968 |    120 |    559 |   2448 |   5 |  817.6 |
       Dungeon |   3951 |   3831 |    120 |    559 |   2448 |   4 |  987.8 |
         Sewer |    137 |    137 |      0 |      0 |      0 |   1 |  137.0 |
               +--------+--------+--------+--------+--------+-----+--------+

Top non-repeatable levels by time:
     D:1: 1312 daAuts
     D:3: 1237 daAuts
     D:2: 1220 daAuts
     D:4: 181 daAuts
   Sewer: 137 daAuts
